 Dungeon Crawl Stone Soup version 0.31-a0-851-g7ff8af7976 (webtiles) character file.

Game seed: 15465167118960342513

18165658 Charly the Conqueror (level 27, 174/174 HPs)
             Began as a Vine Stalker Brigand on Oct 7, 2023.
             Was an Initiate of Gozag.
             Escaped with the Orb
             ... and 15 runes!
             The game lasted 04:19:34 (84796 turns).

Charly the Conqueror (Vine Stalker Brigand)        Turns: 84796, Time: 04:19:35

Health: 174/174    AC: 46    Str: 25    XL:     27
Magic:  60/60      EV: 24    Int: 11    God:    Gozag
Gold:   11560      SH: 22    Dex: 24    Spells: 73/73 levels left

rFire   + + +        a - +9 quick blade (protect)
rCold   + + +        S - +2 shield of Resistance {rF++ rC++ Will++}
rNeg    + + .        y - +10 storm dragon scales
rPois   +            O - +0 mask of the Dragon {Will+ Slay+3 SInv}
rElec   +            s - +2 cloak {rCorr}
rCorr   +            k - +3 pair of gauntlets of War {Slay+5}
SInv    +            c - +3 pair of boots of the Ancient Ultimatums {Will+ MP+9}
Will    +++++        U - amulet "Bikum" {rF+ rN+ Regen+ Stlth+}
Stlth   +++          q - ring of Ipoasib {Drain rPois rC++ Int+3 Slay+4}
HPRegen 2.09/turn    d - ring of Tulips {rN+ Will+ Str+2 Slay+4}
MPRegen 0.37/turn

%: guardian spirit
@: studying 3 skills, bribing [the Dungeon]
A: fangs 3, regeneration 1, magic shield, antimagic bite, no potion heal 2,
antennae 1, talons 2, iridescent scales 1, cold resistance 1, deterioration 2,
dopey 1, strong 1
0: Orb of Zot
}: 15/15 runes: decaying, serpentine, slimy, silver, golden, iron, obsidian,
icy, bone, abyssal, demonic, glowing, magical, fiery, dark
a: Renounce Religion, Potion Petition, Call Merchant, Bribe Branch


You escaped.
You worshipped Gozag.
Gozag was extremely pleased with you.
You visited 18 branches of the dungeon, and saw 88 of its levels.
You visited Pandemonium 1 time, and saw 14 of its levels.
You visited the Abyss 1 time.
You also visited: Bailey, Ice Cave, Volcano, Wizlab and Desolation.

You collected 53141 gold pieces.
You spent 16046 gold pieces at shops.
You paid 25535 gold pieces to Gozag.

Inventory:

Hand Weapons
 a - a +9 quick blade of protection (weapon)
 b - a +9 quick blade of electrocution
Missiles
 L - 17 curare-tipped darts
 T - 2 throwing nets
Armour
 c - the +3 pair of boots of the Ancient Ultimatums (worn) {Will+ MP+9}
   (You found it on level 7 of Tartarus)

   Will+:     It increases your willpower.
   MP+9:      It affects your magic capacity (+9).
 k - the +3 pair of gauntlets of War (worn) {Slay+5}
   (You found it on level 5 of the Vaults)

   Slay+5:    It affects your accuracy & damage with ranged weapons and melee
   (+5).
 s - a +2 cloak of preservation (worn)
 y - +10 storm dragon scales (worn)
 C - the +12 gold dragon scales of Goniugu {Fly rPois rF+ rC+ Str+3}
   (You bought it in a shop on level 3 of the Depths)

   Str+3:     It affects your strength (+3).
   rF+:       It protects you from fire.
   rC+:       It protects you from cold.
   rPois:     It protects you from poison Fly: It grants you flight.
 O - the +0 mask of the Dragon (worn) {Will+ Slay+3 SInv}
   (You acquired it on level 5 of the Lair of Beasts)

   Slay+3:    It affects your accuracy & damage with ranged weapons and melee
   (+3).
   Will+:     It increases your willpower.
   SInv:      It lets you see invisible.
 S - the +2 shield of Resistance (worn) {rF++ rC++ Will++}
   (You found it on level 15 of the Dungeon)

   rF++:      It greatly protects you from fire.
   rC++:      It greatly protects you from cold.
   Will++:    It greatly increases your willpower.
Jewellery
 d - the ring of Tulips (right hand) {rN+ Will+ Str+2 Slay+4}
   (You found it in the Desolation of Salt)

   [ring of positive energy]

   Str+2:     It affects your strength (+2).
   Slay+4:    It affects your accuracy & damage with ranged weapons and melee
   (+4).
   rN+:       It protects you from negative energy.
   Will+:     It increases your willpower.
 q - the ring of Ipoasib (left hand) {Drain rPois rC++ Int+3 Slay+4}
   (You bought it in a shop on level 3 of the Elven Halls)

   [ring of slaying]

   Int+3:     It affects your intelligence (+3).
   Slay+4:    It affects your accuracy & damage with ranged weapons and melee
   (+4).
   rC++:      It greatly protects you from cold.
   rPois:     It protects you from poison Drain: It drains your maximum health
   when unequipped.
 U - the amulet "Bikum" (around neck) {rF+ rN+ Regen+ Stlth+}
   (You found it in the Desolation of Salt)

   [amulet of regeneration]

   rF+:       It protects you from fire.
   rN+:       It protects you from negative energy.
   Regen+:    It increases your rate of health regeneration.
   Stlth+:    It makes you more stealthy.
Wands
 e - a wand of mindburst (10)
 p - a wand of acid (51)
 w - a wand of iceblast (52)
 E - a wand of digging (14)
 G - a wand of paralysis (72) (quivered)
 R - a wand of polymorph (4)
Scrolls
 f - 3 scrolls of vulnerability
 g - 14 scrolls of immolation
 h - 30 scrolls of teleportation
 j - a scroll of fog
 l - 7 scrolls of blinking
 n - 3 scrolls of revelation
 r - 6 scrolls of summoning
 z - 5 scrolls of silence
 I - 9 scrolls of poison
 N - 9 scrolls of fear
 W - 2 scrolls of brand weapon
 Z - 3 scrolls of enchant weapon
Potions
 o - 32 potions of curing
 u - 7 potions of berserk rage
 v - 3 potions of resistance
 x - 8 potions of attraction
 A - a potion of invisibility
 B - 7 potions of magic
 D - 9 potions of cancellation
 F - 12 potions of lignification
 J - 7 potions of enlightenment
 K - 7 potions of ambrosia
 P - 9 potions of mutation
Miscellaneous
 m - a condenser vane
 t - the horn of Geryon
 H - a figurine of a ziggurat
 M - a phial of floods
 V - a phantom mirror
 X - a box of beasts
 Y - a lightning rod (4/4)


   Skills:
 O Level 27 Fighting
 - Level 14.0 Short Blades
 - Level 1.7 Throwing
 + Level 22.3 Armour
 + Level 20.7 Dodging
 O Level 27 Stealth
 O Level 27 Shields
 + Level 23.9 Spellcasting
 - Level 15.0 Evocations


You had 73 spell levels left.
You didn't know any spells.
Your spell library contained the following spells:

 Spells                   Type           Power      Damage    Failure   Level
 Freeze                   Ice            52%        1d6       9%          1
 Kiss of Death            Conj/Necr      52%        2d9       9%          1
 Magic Dart               Conj           52%        1d5       9%          1
 Necrotise                Necr           52%        1d6       9%          1
 Shock                    Conj/Air       52%        1d6       9%          1
 Sting                    Tmut/Pois      52%        1d5       9%          1
 Summon Small Mammal      Summ           52%        N/A       9%          1
 Call Imp                 Summ           26%        N/A       13%         2
 Cigotuvi's Dreadful Rot  Necr/Pois/Air  26%        N/A       13%         2
 Ensorcelled Hibernation  Hex/Ice        26%        N/A       13%         2
 Jinxbite                 Hex            26%        N/A       13%         2
 Lesser Beckoning         Tloc           26%        N/A       13%         2
 Passwall                 Tmut/Erth      10%        N/A       13%         2
 Poisonous Vapours        Pois/Air       26%        N/A       13%         2
 Searing Ray              Conj           26%        2d5       13%         2
 Sublimation of Blood     Necr           13%        N/A       13%         2
 Call Canine Familiar     Summ           13%        N/A       26%         3
 Confusing Touch          Hex            13%        N/A       26%         3
 Dazzling Flash           Conj/Hex       26%        N/A       26%         3
 Frozen Ramparts          Ice            26%        1d4       26%         3
 Gell's Gravitas          Tloc           13%        N/A       26%         3
 Hailstorm                Conj/Ice       13%        3d5       26%         3
 Ignite Poison            Fire/Tmut/Pois 13%        N/A       26%         3
 Inner Flame              Hex/Fire       13%        N/A       26%         3
 Mephitic Cloud           Conj/Pois/Air  13%        N/A       26%         3
 Ozocubu's Armour         Ice            13%        N/A       26%         3
 Stone Arrow              Conj/Erth      26%        3d8       26%         3
 Summon Guardian Golem    Hex/Summ       13%        N/A       26%         3
 Swiftness                Air            13%        N/A       26%         3
 Teleport Other           Tloc           13%        N/A       26%         3
 Tukima's Dance           Hex            13%        N/A       26%         3
 Vampiric Draining        Necr           13%        2d6       26%         3
 Airstrike                Air            6%         2d(1-17)  65%         4
 Anguish                  Hex/Necr       6%         N/A       65%         4
 Animate Armour           Summ/Erth      26%        N/A       65%         4
 Cause Fear               Hex            6%         N/A       65%         4
 Dimensional Bullseye     Hex/Tloc       6%         N/A       65%         4
 Dispel Undead            Necr           13%        3d9       65%         4
 Flame Wave               Conj/Fire      13%        2d6       65%         4
 Fulminant Prism          Conj/Hex       6%         3d7       65%         4
 Iskenderun's Mystic Bla  Conj/Tloc      13%        2d5       65%         4
 Manifold Assault         Tloc           13%        N/A       65%         4
 Olgreb's Toxic Radiance  Pois           13%        N/A       65%         4
 Passage of Golubria      Tloc           13%        N/A       65%         4
 Petrify                  Tmut/Erth      13%        N/A       65%         4
 Sticky Flame             Conj/Fire      13%        2d4       65%         4
 Summon Ice Beast         Ice/Summ       13%        N/A       65%         4
 Summon Lightning Spire   Summ/Air       13%        N/A       65%         4
 Agony                    Necr           13%        N/A       94%         5
 Borgnjor's Vile Clutch   Necr/Erth      6%         N/A       94%         5
 Fireball                 Conj/Fire      6%         3d5       94%         5
 Irradiate                Conj/Tmut      6%         3d13      94%         5
 Lee's Rapid Deconstruct  Erth           6%         3d6*      94%         5
 Metabolic Englaciation   Hex/Ice        6%         N/A       94%         5
 Summon Forest            Summ/Tloc      6%         N/A       94%         5
 Summon Mana Viper        Hex/Summ       13%        N/A       94%         5
 Yara's Violent Unravell  Hex/Tmut       6%         3d5       94%         5
 Conjure Ball Lightning   Conj/Air       6%         3x3d6     100%        6
 Death Channel            Necr           6%         N/A       100%        6
 Dispersal                Tloc           6%         N/A       100%        6
 Summon Cactus Giant      Summ           6%         N/A       100%        6
 Enfeeble                 Hex            6%         N/A       100%        7
 Haunt                    Necr/Summ      6%         N/A       100%        7
 Malign Gateway           Summ/Tloc      6%         N/A       100%        7
 Orb of Destruction       Conj           6%         9d6       100%        7
 Ozocubu's Refrigeration  Ice            6%         4d8       100%        7
 Spellforged Servitor     Conj/Summ      6%         N/A       100%        7
 Borgnjor's Revivificati  Necr           6%         N/A       100%        8
 Discord                  Hex            6%         N/A       100%        8
 Disjunction              Tloc           6%         N/A       100%        8
 Ignition                 Fire           6%         3d4       100%        8
 Infestation              Necr           6%         N/A       100%        8
 Lehudib's Crystal Spear  Conj/Erth      6%         10d3      100%        8
 Summon Horrible Things   Summ           6%         N/A       100%        8
 Death's Door             Necr           6%         N/A       100%        9
 Dragon's Call            Summ           6%         N/A       100%        9
 Polar Vortex             Ice            6%         N/A       100%        9
 Animate Dead             Necr           Unusable   N/A       N/A         4
 Simulacrum               Ice/Necr       Unusable   N/A       N/A         6

Dungeon Overview and Level Annotations

Branches:
Dungeon (15/15)            Temple (1/1) D:6            Lair (5/5) D:8
  Swamp (4/4) Lair:3        Snake (4/4) Lair:3        Slime (5/5) Lair:4
    Orc (2/2) D:11            Elf (3/3) Orc:2        Vaults (5/5) D:14
  Crypt (3/3) Vaults:3       Tomb (3/3) Crypt:3      Depths (4/4) D:15
   Hell (visited)             Dis (7/7) Hell            Geh (7/7) Hell
    Coc (7/7) Hell            Tar (7/7) Hell            Zot (5/5) Depths:4
 Bailey (visited)           IceCv (visited)         Volcano (visited)
 WizLab (visited)         Desolation (visited)

Altars:
Ashenzari
Cheibriados
Dithmenos
Elyvilon
Fedhas
Gozag
Hepliaklqana
Kikubaaqudgha
Makhleb
Nemelex Xobeh
Okawaru
Qazlal
Ru
Sif Muna
Trog
Uskayaw
Vehumet
Wu Jian
Xom
Yredelemnul
Zin
The Shining One
Jiyva
Lugonu

Shops:
D:8 [(!   D:10 =   Orc:1 !!?(   Orc:2 (=(*   Elf:1 [   Elf:3 =[   Snake:1 [
Snake:4 *((!   Vaults:1 [   Vaults:4 (=   Hell !   Zot:5 *[(   Depths:3 [

Portals:
Hell: Depths:1 Depths:2 Depths:3 Depths:4
Abyss: D:7 Depths:3 Depths:4
Pandemonium: Depths:2 Depths:3
Ziggurat: Depths:1

Annotations:
Abyss:1 Afintianyq's ghost, journeyman TrSh


Innate Abilities, Weirdness & Mutations

You have razor-sharp teeth.
Your natural rate of healing is unusually fast.
When hurt, damage is shared between your health and your magic reserves.
Your bite disrupts and absorbs the magic of your enemies.
Potions cannot restore your health.
You have a pair of small antennae on your head.
You have razor-sharp toenails.
You are partially covered in iridescent scales. (AC +2)
Your flesh is cold resistant. (rC+)
Your body often deteriorates upon taking damage.
You are dopey. (Int -2)
Your muscles are strong. (Str +4, Int/Dex -1)


Message History

There is a stone staircase leading up here.
You climb upwards.
There is a stone staircase leading down here.
What level of the Dungeon? (default 1, ? - help)
There is a stone staircase leading up here.
You climb upwards.
There is a stone staircase leading down here.
An Orb Guardian comes into view.
The Orb Guardian stares, then turns away, jangling a coin purse.
What level of the Dungeon? (default 1, ? - help)
Okay, then.
Unknown command.
A hell hound comes into view.
The hell hound breathes flames at you.
The blast of flame hits you but does no damage.
You resist.
A hell hound comes into view.
A hell hound comes into view.
The hell hound moves out of view.
You barely miss the hell hound. You bite the hell hound!!
You kill the hell hound!
You see here 3 gold pieces.
You puncture the hell hound!
Your weapon exudes an aura of protection.
You bite the hell hound! You drain its power. You hit the hell hound.
You bite the hell hound.
You kill the hell hound!
You block the hell hound's attack. x2
You see here 4 gold pieces.
You closely miss the hell hound.
You bite the hell hound, but do no damage.
You completely miss the hell hound. You bite the hell hound!
You drain its power.
The hell hound is moderately wounded.
You impale the hell hound!!
You kill the hell hound!
Okay, then.
There is an open door here.
There is a staircase leading out of the dungeon here.
You have escaped!

#.........###.####
################..#.#............
...#................########.####
##.#.##########...### #.# .#.#.#
#.....P### #.# .#.#.# #.##.....#
#.# .#.#.# #.##♣...♣# #.# '#.#.#
#.###P.♣### #.# .....#
#.#@##.##.# #.# .....#
#.#..'....# #.# .....#
#.#.##.##.# #.# .....#
###.###P.♣### #.# .....#
#...##.(...# #.#
.....#######.#.##.....# #.#
...#...........###..### #.#
############.### #.## #.#
.............#####.# #.####


There were no monsters in sight!

Vanquished Creatures
  Cerebov (Pan)
  Asmodeus (Geh:7)
  Antaeus (Coc:7)
  the Royal Jelly (Slime:5)
  Gloorx Vloq (Pan)
  Mnoleg (Pan)
  Lom Lobon (Pan)
  the Serpent of Hell (Geh:7)
  Dispater (Dis:7)
  8 ancient liches
  2 dread liches
  10 orbs of fire
  3 juggernauts (Dis:7)
  29 royal mummies
  Sojobo (Vaults:4)
  Parghit (Depths:4)
  24 shard shrikes
  Bai Suzhen (Depths:2)
  Margery (Depths:3)
  4 curse toes
  3 pandemonium lords
  6 Killer Klowns
  Geryon (Hell)
  44 caustic shrikes
  9 golden dragons
  Norris (Vaults:1)
  20 profane servitors
  A Hellbinder (Abyss:1)
  9 doom hounds
  the Enchantress (Depths:2)
  13 bone dragons
  4 electric golems
  14 Tzitzimimeh
  9 Brimstone Fiends
  25 tentacled monstrosities
  A spectral shard shrike (Tar:2)
  9 hellephants
  12 Hell Sentinels
  7 iron giants
  18 liches
  10 quicksilver dragons
  20 tainted leviathans
  11 titans
  27 Orb Guardians
  25 searing wretches
  13 Ice Fiends
  A deep elf blademaster (Elf:3)
  Zenata (Vaults:1)
  7 sphinxes
  Grunn (Depths:4)
  20 acid blobs
  A deep elf master archer (Elf:3)
  37 ancient champions
  11 Executioners
  Kirke (Lair:5)
  12 tentacled starspawn
  11 death cobs
  8 tengu reavers
  8 shadow dragons
  Aizul (Vaults:4)
  Frances (Snake:1)
  4 draconian monks
  2 revenants
  13 storm dragons
  21 fire giants
  4 nagarajas (Snake:4)
  10 rockslimes
  28 narguns
  21 azure jellies
  11 iron dragons
  2 daevas
  18 vault wardens
  11 draconian knights
  11 quicksilver elementals
  9 frost giants
  8 deep elf sorcerers
  5 shard shrike simulacra
  An orc warlord (Bailey)
  30 balrugs
  4 draconian scorchers
  3 ghost moths
  5 imperial myrmidons
  5 draconian shifters
  3 spriggan defenders (Depths:2)
  4 deep elf elementalists
  2 spectral juggernauts
  6 curse skulls
  5 draconian stormcallers
  A juggernaut zombie (Abyss:3)
  13 stone giants
  2 spectral caustic shrikes
  24 cacodemons
  4 draconian annihilators
  41 war gargoyles
  A juggernaut skeleton (Tomb:3)
  The ghost of Ge0ff the Slicer, a journeyman OpFi of Ashenzari (D:12)
  6 quicksilver oozes
  12 reapers
  2 demonspawn blood saints
  14 ironbound preservers
  A demonspawn corrupter (Pan)
  A caustic shrike skeleton (Crypt:3)
  5 green draconians
  4 deep elf demonologists
  3 formless jellyfish
  The ghost of Roinetu the Thaumaturge, a journeyman DjEE of Makhleb (D:12)
  6 ironbound thunderhulks
  12 vampire knights
  29 very ugly things
  2 eleionomae
  6 lorocyprocas
  8 white draconians
  17 elemental wellsprings
  2 bunyips
  6 deep elf annihilators (Elf:3)
  A halazid warlock (Hell)
  16 putrid mouths
  11 black draconians
  A spectral titan (Tar:1)
  9 red draconians
  17 yellow draconians
  11 purple draconians
  14 wendigos
  6 blizzard demons
  5 deep elf death magi
  13 spark wasps
  21 iron golems
  14 green deaths
  The ghost of Vedghis the Grappler, a journeyman TrBe of Trog (D:12)
  8 eidola
  26 mummy priests
  A quicksilver dragon zombie (Abyss:3)
  A merfolk impaler (Depths:3)
  A spectral kraken (Tar:7)
  13 ettins
  3 jiangshi
  A spriggan zombie (Crypt:2)
  10 fire dragons
  6 ice dragons
  4 ragged hierophants
  16 yaktaur captains
  17 hydras
  An entropy weaver (shapeshifter) (Depths:3)
  A spectral fenstrider witch (Tar:1)
  A quicksilver dragon skeleton (Tomb:3)
  2 entropy weavers
  4 spectral spriggans
  4 deep elf high priests
  9 rakshasas
  A shambling mangrove (Swamp:4)
  10 great orbs of eyes
  32 vault guards
  2 ogre magi (Vaults:5)
  12 hell beasts
  5 peacekeepers
  5 servants of whispers (Desolation)
  A ghost crab (Swamp:2)
  8 ironbound frosthearts
  9 salamander tyrants
  A sphinx zombie (Crypt:3)
  A jorogumo (shapeshifter) (Vaults:5)
  9 caustic shrike simulacra
  5 spriggan air magi
  10 anacondas
  5 juggernaut simulacra
  A death knight (Crypt:2)
  4 boulder beetles
  5 alligators
  18 stokers
  6 centaur warriors
  3 two-headed ogres
  5 deep troll earth magi
  9 naga warriors
  3 death yaks (D:8)
  56 hell hogs
  98 death scarabs
  12 demonic crawlers (Pan)
  3 orc high priests (Orc:2)
  32 dancing weapons
  13 tengu warriors
  A spectral dire elephant (Tar:5)
  13 deep troll shamans
  11 naga sharpshooters
  22 thrashing horrors
  6 vampire magi
  8 crystal echidnas
  6 spriggan berserkers
  15 soul eaters
  12 hell knights
  18 deep elf knights
  20 sun demons
  7 shock serpents
  2 skysharks (Vaults:1)
  Sonja (Lair:2)
  16 wretched stars
  9 shadow wraiths
  2 titan skeletons
  2 salamander mystics (Snake:4)
  17 sixfirhies
  A fire crab (Abyss:3)
  10 iron trolls
  38 skeletal warriors
  6 goliath frogs
  3 quicksilver dragon simulacra
  A sea snake (shapeshifter) (Vaults:5)
  A spectral bunyip (Tar:1)
  2 spectral anacondas
  A death drake (Zot:3)
  A glowing orange brain (Depths:1)
  7 shadow demons
  59 large abominations
  7 naga ritualists
  3 spriggan druids
  A deep troll (shapeshifter) (Depths:3)
  58 deep trolls
  6 bog bodies
  4 spatial maelstroms (Abyss:3)
  13 swamp dragons
  6 flayed ghosts
  An anaconda skeleton (Hell)
  2 obsidian statues
  17 phantasmal warriors
  14 wizards
  7 spriggan simulacra
  9 lindwurms
  17 ironbound convokers
  27 deep elf archers
  2 orange crystal statues (Depths:2)
  12 necromancers
  A tengu zombie (Vaults:1)
  A stone giant zombie (Crypt:2)
  5 mana vipers
  5 orc sorcerers (Orc:2)
  32 deep elf zephyrmancers
  A mana viper (shapeshifter) (Depths:3)
  37 deep elf pyromancers
  69 starcursed masses
  9 salamanders
  A frost giant zombie (Crypt:1)
  A wolf spider (D:13)
  A shadow dragon skeleton (Pan)
  7 orc knights
  42 ugly things
  A spectral ettin (Tar:4)
  6 shining eyes
  4 cyclopes
  10 elephants
  3 manticores
  A spectral centaur (Tar:1)
  4 will-o-the-wisps
  A moth of wrath (shapeshifter) (Elf:2)
  5 worldbinders
  An iron dragon skeleton (Tomb:2)
  A spectral alligator snapping turtle (Tar:3)
  25 black mambas
  22 moths of wrath
  A stone giant skeleton (Crypt:2)
  3 rust devils (WizLab)
  18 vault sentinels
  A spectral iron troll (Crypt:1)
  12 guardian serpents
  2 molten gargoyles
  4 apocalypse crabs (Abyss:3)
  5 eyes of devastation
  26 smoke demons
  19 naga magi
  A water nymph (shapeshifter) (Depths:1)
  A guardian serpent (shapeshifter) (Vaults:3)
  21 orange demons
  11 cane toads
  A spectral sea snake (Snake:1)
  A centaur skeleton (Tomb:3)
  5 ice statues
  A dire elephant skeleton (Tomb:2)
  4 titan simulacra
  5 spectral swamp worms (Tar:7)
  An unseen horror (Abyss:4)
  29 hellions
  A rime drake (Lair:1)
  3 efreet
  A kobold demonologist (D:9)
  An alligator snapping turtle skeleton (Abyss:3)
  A redback zombie (Crypt:3)
  A green draconian skeleton (Crypt:3)
  10 ice devils
  4 spectral deep trolls (Crypt:1)
  4 anaconda simulacra
  3 iron giant simulacra
  6 komodo dragons
  39 guardian mummies
  15 tormentors
  14 freezing wraiths
  3 hydra zombies (Hell)
  11 ancient zymes
  4 tengu conjurers
  A wind drake (shapeshifter) (Abyss:3)
  28 yaktaurs
  6 red devils
  A queen bee (shapeshifter) (Elf:1)
  2 spectral harpies
  9 trolls
  5 meliai (Abyss:4)
  16 hellwings
  2 harpy zombies
  A meliai (shapeshifter) (Depths:3)
  3 spectral nagas
  A tengu simulacrum (Depths:2)
  2 polar bears
  A queen bee (Abyss:4)
  12 tyrant leeches
  2 alligator simulacra (Hell)
  3 harpy skeletons
  2 spectral guardian serpents (Snake:1)
  27 saltlings
  12 hornets
  4 dream sheep (Lair:3)
  A hydra skeleton (Hell)
  2 iron dragon simulacra
  22 raiju (Abyss:3)
  21 blink frogs
  A boulder beetle zombie (Crypt:1)
  A great orb of eyes zombie (Crypt:1)
  108 slime creatures
  2 air elementals
  40 flying skulls
  4 shadows
  2 stone giant simulacra
  A slime creature (shapeshifter) (Vaults:2)
  2 naga simulacra
  A centaur simulacrum (D:13)
  15 spriggans
  3 wyverns
  13 ushabtiu
  16 water elementals
  11 dire elephant simulacra
  49 yaks
  A slime creature zombie (Crypt:2)
  23 ynoxinuls
  A basilisk (Lair:2)
  7 wraiths
  2 ettin skeletons
  2 fire elementals (Elf:1)
  2 black mamba zombies
  2 hogs (Lair:5)
  2 humans (D:9)
  18 fire bats
  A sea snake simulacrum (Snake:1)
  8 golden eyes
  12 vampire mosquitoes
  18 chaos spawn
  18 neqoxecs
  2 death yak simulacra (IceCv)
  3 redbacks (Vaults:4)
  35 nagas
  2 steam dragons
  7 wargs (Orc:2)
  9 harpy simulacra
  A glowing shapeshifter zombie (Crypt:3)
  A faun zombie (Crypt:2)
  13 swamp worms
  15 hell hounds
  A water moccasin (shapeshifter) (Vaults:5)
  3 spatial vortices (Abyss:3)
  An entropy weaver zombie (Crypt:3)
  3 hydra simulacra
  3 acid dragons
  A glowing shapeshifter skeleton (Vaults:1)
  7 water moccasins
  4 floating eyes
  An ice beast (D:6)
  3 naga skeletons (Snake:1)
  2 sky beasts
  7 swamp drakes
  37 orc warriors
  A black bear (shapeshifter) (Vaults:5)
  A black bear (D:4)
  An ice beast (shapeshifter) (Depths:3)
  3 ettin simulacra
  5 wolves (Lair:1)
  6 ogres
  25 small abominations
  12 centaurs
  2 phantoms (D:6)
  Blork the orc (D:6)
  An elf zombie (Elf:1)
  13 kobold brigands
  12 bullfrogs
  A gnoll sergeant (D:6)
  A human skeleton (Vaults:1)
  4 scorpions
  2 earth elementals (Elf:1)
  19 wights
  An elephant simulacrum (IceCv)
  5 killer bees (D:11)
  An electric eel (Lair:5)
  A wolf zombie (Crypt:1)
  12 howler monkeys
  2 crimson imps
  5 quasits
  9 lava snakes
  4 hounds
  Crazy Yiuf (D:7)
  3 jellies
  19 orc priests
  3 gnoll boudas
  2 iron imps
  A sleepcap (D:4)
  4 iguanas
  24 orc wizards
  A polar bear simulacrum (IceCv)
  A wolf simulacrum (IceCv)
  A deep dwarf skeleton (Crypt:3)
  36 mummies
  Robin (D:3)
  3 adders
  23 gnolls
  2 river rats (D:8)
  A shadow imp (D:6)
  2 white imps (Abyss:3)
  7 ufetubi
  A worm (D:4)
  5 dart slugs
  81 orcs
  5 ball pythons
  6 bats
  2 bat zombies (D:9)
  9 endoplasms
  3 giant cockroaches
  A gnoll zombie (Crypt:1)
  18 goblins
  13 hobgoblins
  4 jackals (D:3)
  6 quokkas
  2 frilled lizards
  A gnoll skeleton (Crypt:2)
  A goblin zombie (Crypt:2)
  A hobgoblin zombie (Crypt:3)
  A jackal zombie (Crypt:2)
  38 kobolds
  A quokka skeleton (Crypt:3)
  6 rats
  A rat zombie (D:9)
  5 creeping infernos
  9 fire vortices
  2 lurking horrors (Abyss:3)
  9 starspawn tentacles
  3 tentacles (Tar:7)
4015 creatures vanquished.

Vanquished Creatures (collateral kills)
  Ereshkigal (Tar:7)
  A royal mummy (Tomb:1)
  Saint Roka (Orc:2)
  A tengu reaver (Vaults:4)
  An ironbound preserver (Vaults:2)
  A quicksilver ooze (Slime:5)
  2 ironbound frosthearts (Vaults:2)
  A deep troll (Vaults:2)
  A glowing orange brain (Slime:5)
  An orc sorcerer (Orc:2)
  A guardian serpent (Snake:4)
  A vault sentinel (Vaults:2)
  2 guardian mummies (Tomb:3)
  A troll (Orc:2)
  2 kobold brigands (D:7)
  A wight (D:6)
  A mummy (Tomb:3)
  An orc (Orc:2)
  4 kobolds (D:7)
25 creatures vanquished.

Vanquished Creatures (others)
  A shard shrike (Coc:2)
  An Ice Fiend (Coc:5)
  An Executioner (Pan)
  An eldritch tentacle (Pan)
  A shard shrike simulacrum (Coc:7)
  An eleionoma (Swamp:2)
  A spriggan air mage (Depths:3)
  A juggernaut simulacrum (Coc:5)
  2 caustic shrike simulacra
  A thrashing horror (Abyss:3)
  A shadow wraith (Hell)
  2 spriggan simulacra
  A rust devil (Depths:4)
  A freezing wraith (Coc:5)
  3 bloated husks (Swamp:2)
  A hornet (Swamp:4)
  An iron dragon simulacrum (Coc:2)
  A dire elephant simulacrum (Coc:2)
  A fire bat (Pan)
  A golden eye (Slime:3)
  A harpy simulacrum (Coc:5)
  3 small abominations (Abyss:3)
  A hydra simulacrum (Coc:7)
  3 orc wizards (Orc:2)
  A creeping inferno (Geh:5)
  A fire vortex (Hell)
  10 foxfires
  14 starspawn tentacles
  3 tentacles (Tar:7)
61 creatures vanquished.

Grand Total: 4101 creatures vanquished

Notes
Turn   | Place    | Note
-------+----------+-------------------------------------------
     0 | D:1      | Charly the Vine Stalker Brigand began the quest for the
                  | Orb.
     0 | D:1      | Reached XP level 1. HP: 11/11 MP: 2/2
   252 | D:1      | Reached skill level 5 in Stealth
   410 | D:1      | Reached XP level 2. HP: 14/15 MP: 3/3
   980 | D:1      | Reached XP level 3. HP: 15/18 MP: 4/4
  1145 | D:2      | Found a faded altar of an unknown god.
  1674 | D:2      | Reached XP level 4. HP: 9/23 MP: 5/5
  2022 | D:3      | Noticed Robin
  2066 | D:3      | Killed Robin
  2067 | D:3      | Reached XP level 5. HP: 28/28 MP: 6/6
  2327 | D:3      | Found a shadowy altar of Dithmenos.
  3199 | D:4      | Reached XP level 6. HP: 29/32 MP: 7/7
  3590 | D:4      | Noticed a black bear
  3605 | D:4      | Killed a black bear
  3823 | D:4      | Reached XP level 7. HP: 37/37 MP: 8/8
  3828 | D:5      | Entered Level 5 of the Dungeon
  4296 | D:5      | Reached skill level 5 in Short Blades
  4694 | D:6      | Gained mutation: You have razor-sharp teeth. [Vine Stalker
                  | growth]
  4694 | D:6      | Reached XP level 8. HP: 41/42 MP: 9/9
  4735 | D:6      | Found a staircase to the Ecumenical Temple.
  4744 | Temple   | Entered the Ecumenical Temple
  4765 | Temple   | Became a worshipper of Gozag Ym Sagoz the Greedy
  5120 | D:6      | Reached skill level 5 in Fighting
  5559 | D:6      | Noticed Blork the orc
  5576 | D:6      | Killed Blork the orc
  5639 | D:6      | Reached XP level 9. HP: 47/47 MP: 10/10
  6264 | D:7      | Noticed a troll
  6647 | D:7      | Reached skill level 10 in Stealth
  6823 | D:7      | Found a one-way gate to the infinite horrors of the Abyss.
  6823 | D:7      | Identified the +4 rapier "Beetlebane" {distort, Will+ MP+9
                  | Int-4 Dex+3}
  7096 | D:7      | Found a sparkling altar of Nemelex Xobeh.
  7158 | D:7      | Found a large runed translucent door.
  7158 | D:7      | Found a corrupted altar of Lugonu.
  7158 | D:7      | Found a large runed translucent door.
  7291 | D:7      | Found a broken altar of Ashenzari.
  7295 | D:7      | Killed a troll
  7296 | D:7      | Reached XP level 10. HP: 53/53 MP: 11/11
  7663 | D:7      | Found a runed translucent door.
  7664 | D:7      | Noticed Crazy Yiuf
  7978 | D:7      | Killed Crazy Yiuf
  8181 | D:8      | Found a sacrificial altar of Ru.
  8182 | D:8      | Noticed a death yak
  8190 | D:8      | Noticed a death yak
  8215 | D:8      | Found a flagged portal.
  8234 | Bailey   | Entered a bailey
  8239 | Bailey   | Noticed an orc warlord
  8255 | Bailey   | Noticed an orc knight
  8273 | Bailey   | Killed an orc knight
  8365 | Bailey   | Found a runed translucent gate.
  8365 | Bailey   | Found a runed translucent gate.
  8365 | Bailey   | Found a runed translucent gate.
  8373 | Bailey   | Reached skill level 1 in Evocations
  8569 | Bailey   | Killed an orc warlord
  8635 | Bailey   | Acquired 1113 gold pieces
  8646 | D:8      | Bought a potion of mutation for 88 gold pieces
  8646 | D:8      | Bought a potion of cancellation for 88 gold pieces
  8646 | D:8      | Bought 2 potions of resistance for 220 gold pieces
  8646 | D:8      | Bought 2 potions of lignification for 66 gold pieces
  8646 | D:8      | Bought a potion of curing for 33 gold pieces
  8646 | D:8      | Bought a potion of brilliance for 44 gold pieces
  8671 | D:8      | Reached skill level 10 in Short Blades
  8761 | D:8      | Found a shimmering altar of Xom.
  8843 | D:8      | Found Umuinari's Antique Weapon Shoppe.
  8856 | D:8      | Bought a transparent short sword for 176 gold pieces
  8856 | D:8      | Identified the +4 short sword of Ambiguity {distort,
                  | Stlth+} (You bought it in a shop on level 8 of the Dungeon)
  8867 | D:8      | Found a staircase to the Lair.
  8868 | D:8      | Noticed a death yak
  8894 | D:8      | Killed a death yak
  8905 | D:8      | Killed a death yak
  8906 | D:8      | Reached XP level 11. HP: 57/59 MP: 12/12
  8912 | D:8      | Killed a death yak
  9489 | D:9      | Found an iron altar of Okawaru.
  9674 | D:9      | Found an ancient bone altar of Kikubaaqudgha.
  9750 | D:9      | Noticed a two-headed ogre
  9768 | D:9      | Killed a two-headed ogre
  9769 | D:9      | Reached skill level 1 in Spellcasting
 10217 | D:9      | Paralysed by a hornet for 2 turns
 10278 | D:10     | Entered Level 10 of the Dungeon
 11276 | Lair:1   | Entered Level 1 of the Lair of Beasts
 11280 | Lair:1   | Reached XP level 12. HP: 65/65 MP: 16/16
 11352 | Lair:1   | Reached skill level 5 in Evocations
 12212 | Lair:1   | Found a glowing silver altar of Zin.
 12532 | D:10     | Bought a ring of the Octopus King {rCorr HP+2 AC+2 EV+2
                  | SH+2} for 846 gold pieces
 12532 | D:10     | Found the ring of the Octopus King {rCorr HP+2 AC+2 EV+2
                  | SH+2}
 12740 | Lair:2   | Noticed Sonja
 12748 | Lair:2   | Killed Sonja
 13450 | Lair:3   | Reached XP level 13. HP: 67/70 MP: 17/17
 13612 | Lair:3   | You fall into a shaft and drop 2 floors!
 13612 | Lair:5   | Entered Level 5 of the Lair of Beasts
 13741 | Lair:5   | Reached skill level 10 in Fighting
 13957 | Lair:4   | Found a dark tunnel.
 13963 | Volcano  | Entered a volcano
 14085 | Volcano  | Noticed a red draconian
 14117 | Volcano  | Found a bloodstained altar of Trog.
 14133 | Volcano  | Killed a red draconian
 14413 | Lair:4   | Reached skill level 15 in Stealth
 14479 | Lair:4   | Reached skill level 1 in Dodging
 14592 | Lair:3   | Found a staircase to the Snake Pit.
 14776 | Lair:3   | Found a staircase to the Swamp.
 15000 | Lair:3   | Reached XP level 14. HP: 70/77 MP: 19/19
 15381 | Lair:4   | Found a staircase to the Slime Pits.
 15850 | Lair:5   | Found a transporter.
 15995 | Lair:5   | Found a transporter.
 16231 | Lair:5   | Noticed Kirke
 16255 | Lair:5   | Killed Kirke
 16798 | Lair:5   | Acquired the +0 mask of the Dragon {Will+ Slay+3 SInv}
 16798 | Lair:5   | Found the +0 mask of the Dragon {Will+ Slay+3 SInv}
 16845 | Lair:5   | Noticed Afintianyq's ghost (journeyman TrSh)
 16883 | Lair:5   | Banished Afintianyq's ghost
 16893 | Lair:5   | Identified the +1 hat of the Kangaroo {Harm rPois Str+2
                  | Dex+2}
 16898 | Lair:5   | Identified the ring "Iluchoot" {rF+ rCorr Int+2}
 17053 | D:11     | Found a frozen archway.
 17072 | IceCv    | Entered an ice cave
 17182 | IceCv    | Reached skill level 5 in Spellcasting
 17240 | IceCv    | Identified the +3 mace of Bejil {freeze, rElec rF+ SInv}
 17521 | D:11     | Found a staircase to the Orcish Mines.
 17858 | D:8      | Bought the +9 plate armour "Voejauf" {Rampage Fly Will+++
                  | Int-2} for 1710 gold pieces
 18220 | D:12     | Reached skill level 1 in Armour
 18307 | D:12     | Found a runed translucent gate.
 18309 | D:12     | Found a runed translucent gate.
 18310 | D:12     | Found a runed translucent gate.
 18311 | D:12     | Noticed Ge0ff's ghost (journeyman OpFi)
 18311 | D:12     | Noticed Vedghis's ghost (journeyman TrBe)
 18311 | D:12     | Noticed Roinetu's ghost (journeyman DjEE)
 18589 | D:12     | Reached XP level 15. HP: 83/85 MP: 24/24
 18807 | D:12     | Killed Roinetu's ghost
 18818 | D:12     | Killed Ge0ff's ghost
 18821 | D:12     | Killed Vedghis's ghost
 18833 | D:12     | Identified the +7 scale mail of Tortelloni {-Tele +Inv
                  | Regen+}
 18840 | D:12     | Identified the +2 helmet of Wamuwk {Rampage Fly Will-
                  | Str-3}
 19716 | D:13     | Identified the +1 robe of Zin's Wrath {Regen+}
 19966 | D:10     | Bought the ring "Winuzir" {rF+ Str+2 Int+3 Dex+4} for 763
                  | gold pieces
 20131 | D:14     | Reached skill level 5 in Dodging
 20716 | D:14     | Found a gate to the Vaults.
 20921 | D:15     | Entered Level 15 of the Dungeon
 20951 | D:15     | Reached skill level 1 in Shields
 21246 | D:15     | Found a staircase to the Depths.
 21275 | D:15     | Found the +2 shield of Resistance {rF++ rC++ Will++}
 21277 | D:15     | Found a runed translucent door.
 21280 | D:15     | Found a runed translucent door.
 21632 | Orc:1    | Entered Level 1 of the Orcish Mines
 21680 | Orc:2    | Entered Level 2 of the Orcish Mines
 21680 | Orc:2    | Noticed Saint Roka
 21702 | Orc:2    | Killed Saint Roka
 21758 | Orc:1    | Found Vaazuk's Distillery.
 21769 | Orc:1    | Bought a potion of enlightenment for 55 gold pieces
 21769 | Orc:1    | Bought a potion of invisibility for 88 gold pieces
 21793 | Orc:1    | Found Piul's Distillery.
 21844 | Orc:1    | Bought a potion of curing for 39 gold pieces
 21844 | Orc:1    | Bought a potion of curing for 39 gold pieces
 21844 | Orc:1    | Bought a potion of magic for 104 gold pieces
 21914 | Orc:1    | Found Gaizoel's Magic Scroll Boutique.
 21938 | Orc:1    | Bought a scroll of fog for 60 gold pieces
 21938 | Orc:1    | Bought a scroll of fog for 60 gold pieces
 22221 | Orc:2    | Reached skill level 10 in Evocations
 22366 | Orc:2    | Found a staircase to the Elven Halls.
 22370 | Orc:1    | Found Douseerch's Weapon Shoppe.
 22566 | Orc:2    | Noticed an orc warlord
 22586 | Orc:2    | Reached XP level 16. HP: 70/91 MP: 27/27
 22790 | Orc:2    | Reached skill level 5 in Armour
 22808 | Orc:2    | Reached skill level 5 in Shields
 22844 | Orc:2    | Found Sausoufe's General Store.
 22844 | Orc:2    | Found Wozoph's Antique Weapon Shoppe.
 22852 | Orc:2    | Found Rurogob's Weapon Shoppe.
 22852 | Orc:2    | Found Jishrif's Jewellery Boutique.
 22864 | Orc:2    | Bought a scroll of enchant armour for 112 gold pieces
 22864 | Orc:2    | Bought a scroll of teleportation for 45 gold pieces
 23081 | D:10     | Bought the ring of Zemovos {rElec rF- Will- EV+5 Str+6} for
                  | 771 gold pieces
 23207 | Swamp:1  | Entered Level 1 of the Swamp
 24234 | Swamp:2  | Identified the +9 scale mail of the Lion {Rampage Int+4}
 25105 | Swamp:4  | Entered Level 4 of the Swamp
 25379 | Swamp:4  | Reached XP level 17. HP: 89/97 MP: 29/29
 25644 | Swamp:4  | Identified the +5 war axe "Tythuube" {freeze, Contam rC+
                  | rN+ SInv}
 26039 | Swamp:4  | Got a decaying rune of Zot
 26281 | Snake:1  | Entered Level 1 of the Snake Pit
 26370 | Snake:1  | You are sucked into a shaft and drop 1 floor!
 26479 | Snake:1  | Noticed Frances
 26491 | Snake:1  | Killed Frances
 27069 | Snake:1  | Bought a jewelled chain mail for 370 gold pieces
 27069 | Snake:1  | Identified the +3 chain mail "Wischiph" {Harm Fly Str-5}
                  | (You bought it in a shop on level 1 of the Snake Pit)
 27070 | Snake:1  | Bought a pair of embroidered boots for 292 gold pieces
 28130 | Snake:1  | Bought a masterwork plate armour for 1092 gold pieces
 28130 | Snake:1  | Identified the +0 plate armour "Gyocizie" {Contam Rampage
                  | Regen+} (You bought it in a shop on level 1 of the Snake
                  | Pit)
 28385 | Snake:3  | Reached skill level 15 in Fighting
 28736 | Snake:3  | Reached XP level 18. HP: 104/104 MP: 31/31
 29233 | Snake:4  | Entered Level 4 of the Snake Pit
 29339 | Snake:4  | Found Hal Dyceges's Antique Weapon Shoppe.
 29343 | Snake:4  | Found Fiank's General Store.
 29347 | Snake:4  | Bought a warped short sword for 312 gold pieces
 29347 | Snake:4  | Identified the +8 short sword "Uriagaex" {drain, Str+4
                  | Int+2} (You bought it in a shop on level 4 of the Snake
                  | Pit)
 29921 | Snake:4  | Got a serpentine rune of Zot
 29983 | Snake:4  | Reached skill level 10 in Shields
 30146 | Snake:4  | Found Bameuvull's Distillery.
 30185 | Snake:4  | Bought a potion of invisibility for 144 gold pieces
 30185 | Snake:4  | Bought a potion of resistance for 180 gold pieces
 30185 | Snake:4  | Bought a potion of might for 72 gold pieces
 30419 | Snake:4  | Found Iwakluen's Weapon Boutique.
 30765 | Vaults:1 | Entered Level 1 of the Vaults
 30870 | Vaults:1 | Found a crumbling gateway.
 30876 | Desolati | Entered the Desolation of Salt
 30990 | Desolati | Identified the ring "Monecefu" {Drain rElec rPois rC+
                  | Int-2}
 31107 | Desolati | Reached skill level 10 in Spellcasting
 31149 | Desolati | Identified the ring of Pydeism {rPois Will++ Str-2 Int+6
                  | Dex+7}
 31152 | Desolati | Identified the ring of Tulips {rN+ Will+ Str+2 Slay+4}
 31236 | Desolati | Reached XP level 19. HP: 106/109 MP: 34/34
 31249 | Desolati | Identified the +3 robe "Myrojau" {rF+ Str+2 Int+2 Slay+5}
 31288 | Desolati | Identified the ring "Gip Qiad" {Fly Str+3 Dex+6}
 31291 | Desolati | Identified the amulet "Bikum" {rF+ rN+ Regen+ Stlth+}
 31306 | Desolati | Identified the +2 robe of the Hall of Blades {*Corrode
                  | Int+9 Stlth+}
 31399 | Desolati | Got a resplendent book
 31404 | Desolati | Got a gaudy book
 31834 | Vaults:1 | Noticed Norris
 31843 | Vaults:1 | Lost intelligence.
 31855 | Vaults:1 | Killed Norris
 31876 | Vaults:1 | Found Cyatax's Armour Boutique.
 32025 | Vaults:1 | Noticed Zenata
 32036 | Vaults:1 | Killed Zenata
 33654 | Vaults:2 | Reached XP level 20. HP: 117/117 MP: 36/36
 34435 | Vaults:3 | Reached skill level 10 in Armour
 35268 | Vaults:3 | Found a staircase to the Crypt.
 36050 | Vaults:4 | Found Kyalos's Jewellery Shoppe.
 36083 | Vaults:4 | Noticed Aizul
 36097 | Vaults:4 | Killed Aizul
 36179 | Vaults:4 | Noticed Sojobo
 36203 | Vaults:4 | Paralysed by an air elemental for 1 turns
 36208 | Vaults:4 | Paralysed by an air elemental for 1 turns
 36223 | Vaults:4 | Killed Sojobo
 36680 | Vaults:4 | Identified the +0 quarterstaff of Mikkutoc {spect, Dex+4}
 36757 | Vaults:4 | Reached XP level 21. HP: 124/124 MP: 38/38
 37129 | Elf:1    | Entered Level 1 of the Elven Halls
 37165 | Elf:1    | Paralysed by an air elemental for 1 turns
 37169 | Elf:1    | Paralysed by an air elemental for 1 turns
 37717 | Elf:1    | Found Onuac's Armour Emporium.
 38627 | Elf:2    | Found a huge runed translucent gate.
 38627 | Elf:2    | Found a huge runed translucent gate.
 38627 | Elf:2    | Found a huge runed translucent gate.
 38627 | Elf:2    | Found a huge runed translucent gate.
 38627 | Elf:2    | Found a huge runed translucent gate.
 39415 | Elf:3    | Entered Level 3 of the Elven Halls
 39424 | Elf:3    | Found Muaham's Weapon Boutique.
 39486 | Elf:3    | Found a magical portal.
 39491 | WizLab   | Entered The Hall of the Hellbinder
 39809 | WizLab   | Noticed Zoatso
 39809 | WizLab   | Found a burning altar of Makhleb.
 39824 | WizLab   | Gained mutation: You are clumsy. (Dex -2) [a neqoxec]
 39825 | WizLab   | Reached XP level 22. HP: 88/131 MP: 39/39
 39832 | WizLab   | Banished Zoatso the Hellbinder
 39940 | WizLab   | Identified the ring of Wuvig {rN+ Int+3}
 39957 | WizLab   | Got an uncut book
 41334 | Elf:3    | Identified the ring of Zecenixaci {*Corrode rF+ rC+ Will+}
 41363 | Elf:3    | Identified the +4 robe of the Turtle {rElec rF+}
 41525 | Elf:3    | Identified the ring of the Jester {Contam Str+6 Dex+3
                  | Stlth+}
 41597 | Elf:3    | Identified the +5 scale mail "Iqoec" {-Tele Rampage rPois
                  | Dex+6}
 41598 | Elf:3    | Identified the +7 short sword of Callousness {holy, rC+}
 41680 | Elf:3    | Got a quavering book
 41688 | Elf:3    | Identified the staff of Checkmate {rF+ Will+ Dex+5 Fire}
 41691 | Elf:3    | Identified the +0 storm dragon scales of Resilience {rElec
                  | rF- Str+4}
 42489 | Depths:1 | Entered Level 1 of the Depths
 42524 | Depths:1 | You are sucked into a shaft and drop 1 floor!
 42605 | Depths:1 | Found a gateway to Hell.
 42645 | Depths:1 | Reached skill level 15 in Evocations
 42664 | Depths:1 | Identified the +3 demon whip of Division {pain, rN+++
                  | Will+++ Int-4 Stlth-}
 42737 | Depths:1 | Identified the +1 plate armour "Biohylot" {Harm rF+ Dex-5}
 42940 | Depths:1 | Identified the +0 ring mail "Otute" {Will+}
 42961 | Depths:1 | Found a one-way gateway to a ziggurat.
 43245 | Depths:1 | Reached XP level 23. HP: 137/137 MP: 41/41
 43378 | Depths:2 | Noticed the Enchantress
 43398 | Depths:2 | Killed the Enchantress
 43603 | Depths:2 | Noticed Bai Suzhen
 43614 | Depths:2 | Killed Bai Suzhen
 43814 | Depths:2 | Noticed a shard shrike
 43816 | Depths:2 | Noticed a shard shrike
 43969 | Depths:2 | Found a one-way gate leading to the halls of Pandemonium.
 44336 | Depths:2 | Noticed a shard shrike
 44339 | Depths:2 | Noticed a shard shrike
 44342 | Depths:2 | Killed a shard shrike
 44345 | Depths:2 | Killed a shard shrike
 44348 | Depths:2 | Killed a shard shrike
 44356 | Depths:2 | Killed a shard shrike
 44433 | Depths:2 | Identified the +1 pair of boots "Moutiok" {-Cast Will++
                  | Dex+4}
 44462 | Depths:2 | Got a moth-eaten book
 44823 | Elf:3    | Bought the ring of Ipoasib {Drain rPois rC++ Int+3 Slay+4}
                  | for 1893 gold pieces
 45130 | Depths:3 | Noticed a golden dragon
 45135 | Depths:3 | Killed a golden dragon
 45303 | Depths:3 | Noticed a golden dragon
 45310 | Depths:3 | Killed a golden dragon
 45449 | Depths:3 | Found a glowing golden altar of the Shining One.
 45627 | Depths:3 | Reached XP level 24. HP: 145/145 MP: 41/41
 45722 | Depths:3 | Noticed Margery
 45738 | Depths:3 | Killed Margery
 45803 | Depths:3 | Identified the +9 great mace of Moral Flaws {holy, rN+++
                  | Will+ Str-2 Stlth+}
 46166 | Depths:3 | Found a shimmering altar of Xom.
 46259 | Depths:4 | Entered Level 4 of the Depths
 46462 | Depths:4 | Noticed Grunn
 46471 | Depths:4 | Killed Grunn
 46569 | Depths:4 | Reached skill level 10 in Dodging
 46574 | Depths:4 | Reached skill level 15 in Shields
 46686 | Depths:4 | Found a gate to the Realm of Zot.
 47036 | Depths:4 | Noticed Parghit
 47047 | Depths:4 | Killed Parghit
 47515 | Slime:1  | Entered Level 1 of the Pits of Slime
 47713 | Orc:2    | Bought a scroll of brand weapon for 142 gold pieces
 48536 | Slime:5  | Entered Level 5 of the Pits of Slime
 48635 | Slime:5  | Found a viscous altar of Jiyva.
 48635 | Slime:5  | Noticed the Royal Jelly
 48660 | Slime:5  | Killed the Royal Jelly
 48676 | Slime:5  | Reached XP level 25. HP: 139/153 MP: 38/41
 48830 | Slime:5  | Found the +7 lajatang of Order {silver, rMut}
 48867 | Slime:5  | Identified the +5 crystal plate armour of Resourcefulness
                  | {rElec Will- Int+2 SInv}
 48869 | Slime:5  | Identified the +4 dagger of Ragnarok {venom, rElec Dex+3}
 48881 | Slime:5  | Identified the ring of Luyhimoa {rF+ Dex+6}
 48889 | Slime:5  | Identified the staff "Qiaseo" {rF+ rC+ Int+4 Dex-3 Ice}
 48934 | Slime:5  | Identified the ring of Qafies {Fly rC- Int+10 Slay-3 SInv}
 49067 | Slime:5  | Identified the +0 leather armour of Tortelloni {rPois
                  | Slay+5}
 49068 | Slime:5  | Identified the amulet of Lady Luck {RegenMP Regen+ Int+3
                  | Dex+2}
 49100 | Slime:5  | Identified the ring "Xuamuox" {rF++ rCorr}
 49122 | Slime:5  | Got a slimy rune of Zot
 49124 | Slime:5  | Got an uncut book
 49144 | Slime:5  | Identified the +9 mace "Widuvvureo" {protect, *Corrode
                  | rN+++ Str-2 Dex+7}
 49609 | Slime:3  | Gained mutation: You are partially covered in iridescent
                  | scales. (AC +2) [a shining eye]
 50261 | Vaults:5 | Entered Level 5 of the Vaults
 50293 | Vaults:5 | Noticed an ancient lich
 50491 | Vaults:5 | Killed an ancient lich
 50993 | Vaults:5 | Identified the +6 halberd "Mutaraov" {protect, Dex+5}
 51271 | Vaults:5 | Identified the +6 arbalest of Bebimal {drain, rElec Will-
                  | Str+10 Dex+2}
 51271 | Vaults:5 | Identified the +1 shortbow of Doubt {drain, Fragile rF++
                  | rN+}
 51643 | Vaults:5 | Found the +3 pair of gauntlets of War {Slay+5}
 51902 | Vaults:5 | Got a silver rune of Zot
 54451 | Orc:1    | Bought a scroll of revelation for 112 gold pieces
 54451 | Orc:1    | Bought a scroll of immolation for 60 gold pieces
 54700 | Zot:1    | Entered Level 1 of the Realm of Zot
 54762 | Zot:1    | Reached XP level 26. HP: 155/160 MP: 41/41
 54924 | Zot:1    | Found a transporter.
 54939 | Zot:1    | Found a transporter.
 55147 | Zot:1    | Noticed an orb of fire
 55152 | Zot:1    | Gained mutation: Your magical capacity is low. (-10% MP)
                  | [an orb of fire]
 55157 | Zot:1    | Killed an orb of fire
 55528 | Zot:1    | Identified the amulet "Kaplo" {Reflect rN+ Int+2 SH+5}
 55941 | Zot:2    | Reached skill level 15 in Armour
 56512 | Crypt:1  | Entered Level 1 of the Crypt
 58207 | Crypt:3  | Entered Level 3 of the Crypt
 58321 | Crypt:2  | Found an ancient bone altar of Kikubaaqudgha.
 58434 | Crypt:3  | Found a staircase to the Tomb.
 58545 | Crypt:3  | Reached XP level 27. HP: 157/166 MP: 36/38
 58914 | Crypt:3  | Noticed an ancient lich
 58921 | Crypt:3  | Killed an ancient lich
 58937 | Crypt:3  | Noticed an ancient lich
 58940 | Crypt:3  | Identified the ring of Fioghuav {*Slow rPois rN+ Int+4}
 58940 | Crypt:3  | Identified the ring of Dogodyesch {rN+ Str+2}
 58944 | Crypt:3  | Killed an ancient lich
 58965 | Crypt:3  | Identified the +5 shortbow "Joxeum" {drain, rElec Int-2
                  | Dex+4}
 59395 | Zot:3    | Reached skill level 15 in Spellcasting
 59409 | Zot:3    | Noticed an orb of fire
 59417 | Zot:3    | Killed an orb of fire
 59714 | Zot:3    | Found the +3 Elemental Staff {ele, rElec rF+ rC+ AC+3}
 60866 | Zot:5    | Entered Level 5 of the Realm of Zot
 61296 | Zot:5    | Noticed an ancient lich
 61345 | Zot:5    | Noticed an orb of fire
 61345 | Zot:5    | Noticed an orb of fire
 61345 | Zot:5    | Noticed an orb of fire
 61345 | Zot:5    | Noticed an orb of fire
 61350 | Zot:5    | Killed an orb of fire
 61358 | Zot:5    | Killed an orb of fire
 61364 | Zot:5    | Killed an orb of fire
 61369 | Zot:5    | Killed an orb of fire
 61378 | Zot:5    | Killed an ancient lich
 61381 | Zot:5    | Noticed an ancient lich
 61393 | Zot:5    | Noticed an ancient lich
 61415 | Zot:5    | Killed an ancient lich
 61421 | Zot:5    | Killed an ancient lich
 61520 | Zot:5    | Noticed an orb of fire
 61520 | Zot:5    | Gained mutation: You are dopey. (Int -2) [an orb of fire]
 61533 | Zot:5    | Killed an orb of fire
 61541 | Zot:5    | Noticed an orb of fire
 61542 | Zot:5    | Noticed an orb of fire
 61542 | Zot:5    | Noticed an orb of fire
 61687 | Zot:5    | Killed an orb of fire
 61702 | Zot:5    | Killed an orb of fire
 61722 | Zot:5    | Gained mutation: You expend magic power (3 MP) to
                  | strengthen your wands. [an orb of fire]
 61725 | Zot:5    | Gained mutation: You sometimes lose your temper in combat.
                  | [an orb of fire]
 61726 | Zot:5    | Killed an orb of fire
 62074 | Zot:5    | Lost mutation: You are dopey. (Int -2) [potion of mutation]
 62074 | Zot:5    | Lost mutation: You sometimes lose your temper in combat.
                  | [potion of mutation]
 62074 | Zot:5    | Lost mutation: You expend magic power (3 MP) to strengthen
                  | your wands. [potion of mutation]
 62074 | Zot:5    | Gained mutation: You have sharp toenails. [potion of
                  | mutation]
 62074 | Zot:5    | Gained mutation: You have razor-sharp toenails. [potion of
                  | mutation]
 62075 | Zot:5    | Lost mutation: You are partially covered in iridescent
                  | scales. (AC +2) [potion of mutation]
 62075 | Zot:5    | Lost mutation: You are clumsy. (Dex -2) [potion of
                  | mutation]
 62075 | Zot:5    | Lost mutation: Your magical capacity is low. (-10% MP)
                  | [potion of mutation]
 62075 | Zot:5    | Gained mutation: You are covered in fur. (AC +1) [potion of
                  | mutation]
 62075 | Zot:5    | Gained mutation: You have a pair of small horns on your
                  | head. [potion of mutation]
 62075 | Zot:5    | Gained mutation: You are agile. (Dex +4, Str/Int -1)
                  | [potion of mutation]
 62083 | Zot:5    | Bought a glowing quick blade for 720 gold pieces
 62087 | Zot:5    | Bought an encrusted chain mail for 247 gold pieces
 62087 | Zot:5    | Identified the +1 chain mail "Fures" {rN+} (You bought it
                  | in a shop on level 5 of the Realm of Zot)
 62087 | Zot:5    | Bought a dazzling scale mail for 234 gold pieces
 62087 | Zot:5    | Identified the +0 scale mail "Deafux" {*Slow rElec rPois
                  | Stlth+} (You bought it in a shop on level 5 of the Realm of
                  | Zot)
 62089 | Zot:5    | Bought a wand of iceblast (3) for 136 gold pieces
 62089 | Zot:5    | Bought a scroll of teleportation for 57 gold pieces
 62089 | Zot:5    | Bought a potion of magic for 152 gold pieces
 62089 | Zot:5    | Bought a wand of iceblast (6) for 273 gold pieces
 62089 | Zot:5    | Bought 2 potions of enlightenment for 190 gold pieces
 62312 | Pan      | Entered Pandemonium
 62599 | Pan      | Entered the realm of Gloorx Vloq.
 62646 | Pan      | Noticed Gloorx Vloq
 62672 | Pan      | Killed Gloorx Vloq
 62694 | Pan      | Got a dark rune of Zot
 63050 | Pan      | Noticed Semnec Acoo the pandemonium lord
 63587 | Pan      | Killed Semnec Acoo the pandemonium lord
 63602 | Pan      | Got a demonic rune of Zot
 63605 | Pan      | Identified the staff of the Candle {+Blink rC+ Int+3 Ice}
 63619 | Pan      | Identified the +8 morningstar of Brawling {drain, *Noise
                  | Int+8 Dex-5}
 64077 | Pan      | Entered the realm of Mnoleg.
 64084 | Pan      | Gained mutation: You occasionally lose the ability to read
                  | scrolls when taking damage. [a neqoxec]
 64126 | Pan      | Paralysed by a floating eye for 4 turns
 64184 | Pan      | Lost mutation: You are covered in fur. (AC +1) [potion of
                  | mutation]
 64184 | Pan      | Lost mutation: You have a pair of small horns on your head.
                  | [potion of mutation]
 64184 | Pan      | Gained mutation: Your system is resistant to poisons.
                  | (rPois) [potion of mutation]
 64185 | Pan      | Lost mutation: You are agile. (Dex +4, Str/Int -1) [potion
                  | of mutation]
 64185 | Pan      | Lost mutation: Your system is resistant to poisons. (rPois)
                  | [potion of mutation]
 64185 | Pan      | Lost mutation: You occasionally lose the ability to read
                  | scrolls when taking damage. [potion of mutation]
 64185 | Pan      | Gained mutation: You have sharp fingernails. [potion of
                  | mutation]
 64185 | Pan      | Gained mutation: You have hidden genetic potential. [potion
                  | of mutation]
 64207 | Pan      | Noticed Mnoleg
 64234 | Pan      | Killed Mnoleg
 64253 | Pan      | Gained mutation: You are dopey. (Int -2) [a neqoxec]
 64321 | Pan      | Got a glowing rune of Zot
 64368 | Pan      | Identified the +6 scale mail of Wesid {rCorr}
 64434 | Pan      | Entered the realm of Cerebov.
 64618 | Pan      | Found an exit through the horrors of the Abyss.
 64647 | Pan      | Found the +6 sword of Cerebov {flame}
 64647 | Pan      | Noticed Cerebov
 64674 | Pan      | Killed Cerebov
 64694 | Pan      | Identified the +7 plate armour of Action {rPois Int+3}
 64719 | Pan      | Identified the +1 ring mail of the Nightingale {Dex+2}
 64736 | Pan      | Identified the +0 scale mail of Autumn {+Inv Will+ SInv
                  | Stlth+}
 64766 | Pan      | Identified the +6 long sword of Devotion {flame, rElec rC-
                  | Will++ Dex+2}
 64794 | Pan      | Got an inconspicuous book
 64812 | Pan      | Identified the +8 spear of Kaud {pain, rPois rC- rN+ Dex+3
                  | SInv}
 64846 | Pan      | Identified the +1 plate armour "Diewnura" {rC+}
 64873 | Pan      | Got a fiery rune of Zot
 65210 | Pan      | Noticed Bayfugupt the pandemonium lord
 65218 | Pan      | Killed Bayfugupt the pandemonium lord
 65355 | Pan      | Gained mutation: Armour fits poorly on your strangely
                  | shaped body. [a cacodemon]
 65357 | Pan      | Gained mutation: Your body sometimes deteriorates upon
                  | taking damage. [a cacodemon]
 65462 | Pan      | Found an exit through the horrors of the Abyss.
 65584 | Pan      | Entered the realm of Lom Lobon.
 65692 | Pan      | Found an exit through the horrors of the Abyss.
 65875 | Pan      | Noticed Lom Lobon
 65888 | Pan      | Killed Lom Lobon
 65925 | Pan      | Got a magical rune of Zot
 66023 | Pan      | Took an exit into the Abyss.
 66023 | Abyss:1  | Escaped into the Abyss
 66232 | Abyss:1  | Found a corrupted altar of Lugonu.
 66246 | Abyss:1  | Gained mutation: You are partially covered in iridescent
                  | scales. (AC +2) [hidden potential]
 66770 | Abyss:3  | Paralysed by accursed screaming for 1 turns
 66825 | Abyss:3  | Reached skill level 15 in Dodging
 67093 | Abyss:3  | Found a corrupted altar of Lugonu.
 67150 | Abyss:3  | Found a corrupted altar of Lugonu.
 67204 | Abyss:3  | Found a corrupted altar of Lugonu.
 67292 | Abyss:3  | Gained mutation: Your spells are a little easier to cast,
                  | but a little less powerful. [a cacodemon]
 67397 | Abyss:3  | Found a corrupted altar of Lugonu.
 67675 | Abyss:3  | Reached skill level 27 in Fighting
 67780 | Abyss:3  | Gained mutation: Your body often deteriorates upon taking
                  | damage. [a shining eye]
 67800 | Abyss:4  | Found a corrupted altar of Lugonu.
 67801 | Abyss:4  | Gained mutation: Your flesh is cold resistant. (rC+)
                  | [hidden potential]
 67801 | Abyss:4  | Lost mutation: You have hidden genetic potential. [hidden
                  | potential expressed]
 67818 | Abyss:4  | Noticed an ancient lich
 67822 | Abyss:4  | Killed an ancient lich
 67975 | Abyss:4  | Got an abyssal rune of Zot
 68155 | Depths:3 | Escaped the Abyss
 68158 | Depths:3 | Lost mutation: Armour fits poorly on your strangely shaped
                  | body. [potion of mutation]
 68158 | Depths:3 | Lost mutation: You have sharp fingernails. [potion of
                  | mutation]
 68158 | Depths:3 | Gained mutation: You have a pair of small antennae on your
                  | head. [potion of mutation]
 68158 | Depths:3 | Gained mutation: Your muscles are strong. (Str +4, Int/Dex
                  | -1) [potion of mutation]
 68162 | Depths:3 | Bought steaming gold dragon scales for 3655 gold pieces
 68162 | Depths:3 | Identified the +12 gold dragon scales of Goniugu {Fly rPois
                  | rF+ rC+ Str+3} (You bought it in a shop on level 3 of the
                  | Depths)
 68214 | Hell     | Entered the Vestibule of Hell
 68214 | Hell     | Noticed Geryon
 68304 | Hell     | Killed Geryon
 68396 | Hell     | Found a gateway to the Iron City of Dis.
 68435 | Hell     | Found a gateway to the freezing wastes of Cocytus.
 68595 | Hell     | Found a gateway to the decaying netherworld of Tartarus.
 68670 | Hell     | Found a gateway to the ashen valley of Gehenna.
 68781 | Geh:1    | Entered Level 1 of Gehenna
 69342 | Geh:5    | You fall into a shaft and drop 1 floor!
 69389 | Geh:7    | Entered Level 7 of Gehenna
 69668 | Geh:7    | Noticed the Serpent of Hell
 69719 | Geh:7    | Killed the Serpent of Hell
 69842 | Geh:7    | Identified the +5 scale mail of Ruar {rN+}
 69912 | Geh:7    | Found the +13 sceptre of Asmodeus
 69912 | Geh:7    | Noticed Asmodeus
 69923 | Geh:7    | Killed Asmodeus
 69942 | Geh:7    | Got an obsidian rune of Zot
 70189 | Dis:1    | Entered Level 1 of the Iron City of Dis
 71331 | Dis:6    | Noticed a dread lich
 71334 | Dis:7    | Entered Level 7 of the Iron City of Dis
 71341 | Dis:7    | Killed a dread lich
 71633 | Dis:7    | Noticed a juggernaut
 71711 | Dis:7    | Killed a juggernaut
 71933 | Dis:7    | Identified the +1 scale mail of Impatience {rElec}
 71934 | Dis:7    | Identified the +6 scale mail "Ymiatz" {Str+5}
 72171 | Dis:7    | Noticed a juggernaut
 72190 | Dis:7    | Killed a juggernaut
 72355 | Dis:7    | Noticed a juggernaut
 72366 | Dis:7    | Killed a juggernaut
 72413 | Dis:7    | Noticed Dispater
 72436 | Dis:7    | Killed Dispater
 72460 | Dis:7    | Identified the +4 bardiche "Cetteu" {freeze, rC++}
 72467 | Dis:7    | Got an iron rune of Zot
 73268 | Hell     | Bought a potion of cancellation for 144 gold pieces
 73268 | Hell     | Bought a potion of curing for 54 gold pieces
 73268 | Hell     | Bought 2 potions of curing for 108 gold pieces
 73295 | Coc:1    | Entered Level 1 of Cocytus
 74125 | Coc:5    | Paralysed by a wendigo for 1 turns
 74289 | Coc:6    | Noticed an ancient lich
 74351 | Coc:6    | Killed an ancient lich
 74526 | Coc:7    | Entered Level 7 of Cocytus
 74728 | Coc:7    | Paralysed by a wendigo for 1 turns
 74781 | Coc:7    | Identified the +4 short sword of the Sheltering Gods
                  | {freeze, Str+5}
 75059 | Coc:7    | Paralysed by a wendigo for 1 turns
 75221 | Coc:7    | Noticed Antaeus
 75276 | Coc:7    | Killed Antaeus
 75297 | Coc:7    | Got an icy rune of Zot
 75411 | Coc:7    | Found the +9 staff of Olgreb {rPois∞}
 75427 | Coc:7    | Identified the +3 rapier of Annihilation {pain, Drain rElec
                  | Int+3 Dex-4}
 75859 | Coc:7    | Paralysed by a wendigo for 1 turns
 76023 | Tar:1    | Entered Level 1 of Tartarus
 76026 | Tar:1    | Noticed a dread lich
 76029 | Tar:1    | Killed a dread lich
 76630 | Tar:1    | You fall into a shaft and drop 1 floor!
 77518 | Tar:7    | Entered Level 7 of Tartarus
 78497 | Tar:7    | Identified the ring "Liyzisch" {rC+ Will+}
 79227 | Tar:7    | Identified the ring "Xoejuu" {rF- rC+ AC+4 Dex+5}
 79227 | Tar:7    | Noticed Ereshkigal
 79260 | Tar:7    | Paralysed by Ereshkigal for 5 turns
 79273 | Tar:7    | Killed Ereshkigal
 79336 | Tar:7    | Identified the ring "Arch" {rElec rF- Str+2 Dex+5 SInv}
 79337 | Tar:7    | Identified the +3 pair of boots of the Ancient Ultimatums
                  | {Will+ MP+9}
 79354 | Tar:7    | Got a bone rune of Zot
 79355 | Tar:7    | Identified the +5 plate armour "Weits" {Dex+2}
 79964 | Tomb:1   | Entered Level 1 of the Tomb of the Ancients
 80073 | Tomb:1   | Noticed a royal mummy
 80100 | Tomb:1   | Killed a royal mummy
 80257 | Tomb:1   | Got an uncut book
 80929 | Tomb:2   | Noticed a royal mummy
 80937 | Tomb:2   | Killed a royal mummy
 81032 | Tomb:2   | Noticed a royal mummy
 81032 | Tomb:2   | Noticed a royal mummy
 81032 | Tomb:2   | Noticed a royal mummy
 81037 | Tomb:2   | Noticed a royal mummy
 81042 | Tomb:2   | Killed a royal mummy
 81052 | Tomb:2   | Killed a royal mummy
 81075 | Tomb:2   | Killed a royal mummy
 81107 | Tomb:2   | Killed a royal mummy
 81472 | Tomb:1   | Noticed a royal mummy
 81472 | Tomb:1   | Noticed a royal mummy
 81472 | Tomb:1   | Noticed a royal mummy
 81487 | Tomb:1   | Killed a royal mummy
 81487 | Tomb:1   | Noticed a royal mummy
 81491 | Tomb:1   | Killed a royal mummy
 81495 | Tomb:1   | Killed a royal mummy
 81501 | Tomb:1   | Killed a royal mummy
 81572 | Tomb:1   | Noticed a royal mummy
 81580 | Tomb:1   | Killed a royal mummy
 81603 | Tomb:1   | Noticed a royal mummy
 81607 | Tomb:1   | Noticed a royal mummy
 81647 | Tomb:1   | Killed a royal mummy
 81650 | Tomb:1   | Killed a royal mummy
 81652 | Tomb:1   | Noticed a royal mummy
 81657 | Tomb:1   | Noticed a royal mummy
 81661 | Tomb:1   | Killed a royal mummy
 81667 | Tomb:1   | Killed a royal mummy
 81791 | Tomb:1   | Noticed a royal mummy
 81792 | Tomb:1   | Noticed a royal mummy
 81798 | Tomb:1   | Noticed a royal mummy
 81800 | Tomb:1   | Killed a royal mummy
 81804 | Tomb:1   | Noticed a royal mummy
 81818 | Tomb:1   | Killed a royal mummy
 81827 | Tomb:1   | Killed a royal mummy
 81830 | Tomb:1   | Killed a royal mummy
 82136 | Tomb:1   | Noticed a royal mummy
 82138 | Tomb:1   | Noticed a royal mummy
 82157 | Tomb:1   | Killed a royal mummy
 82196 | Tomb:1   | Killed a royal mummy
 82467 | Tomb:3   | Entered Level 3 of the Tomb of the Ancients
 82485 | Tomb:3   | Reached skill level 27 in Shields
 82619 | Tomb:3   | Noticed a royal mummy
 82644 | Tomb:3   | Killed a royal mummy
 82685 | Tomb:3   | Noticed a royal mummy
 82693 | Tomb:3   | Killed a royal mummy
 82714 | Tomb:3   | Noticed a royal mummy
 82728 | Tomb:3   | Killed a royal mummy
 82777 | Tomb:3   | Noticed a royal mummy
 82796 | Tomb:3   | Killed a royal mummy
 82808 | Tomb:3   | Identified the +8 falchion of Zese Qeth {drain, Fly Will++
                  | rCorr Int-2}
 82809 | Tomb:3   | Identified the ring of Ephemeral Luck {rElec rF+ Will+ MP+9
                  | Stlth-}
 82904 | Tomb:3   | Noticed a royal mummy
 82921 | Tomb:3   | Killed a royal mummy
 82947 | Tomb:3   | Noticed a royal mummy
 83026 | Tomb:3   | Noticed a royal mummy
 83032 | Tomb:3   | Killed a royal mummy
 83085 | Tomb:3   | Killed a royal mummy
 83143 | Tomb:3   | Identified the +4 spear of Armageddon {venom, rPois rC+}
 83293 | Tomb:3   | Found the +7 great mace "Undeadhunter" {deathbane, rN+}
 83326 | Tomb:3   | Got a whispering book
 83343 | Tomb:3   | Identified the ring "Seshapuu" {Fire Drain +Blink rN+
                  | Dex+3}
 83344 | Tomb:3   | Identified the +1 ring mail of the Tundras {+Blink rCorr
                  | Str+5 Stlth-}
 83374 | Tomb:3   | Identified the staff "Beetleslayer" {rPois rF+ rCorr
                  | Poison}
 83386 | Tomb:3   | Identified the +0 ring mail "Cuaxkuig" {+Blink rPois rF++
                  | Int-2}
 83443 | Tomb:3   | Got a golden rune of Zot
 83455 | Tomb:3   | Noticed a royal mummy
 83457 | Tomb:3   | Killed a royal mummy
 83471 | Tomb:3   | Noticed a royal mummy
 83473 | Tomb:3   | Killed a royal mummy
 84159 | Zot:5    | Got the Orb of Zot
 84186 | Zot:5    | Reached skill level 27 in Stealth
 84335 | Depths:4 | Noticed Facvis the pandemonium lord
 84353 | Depths:4 | Killed Facvis the pandemonium lord
 84638 | D:8      | Lost mutation: Your spells are a little easier to cast, but
                  | a little less powerful. [a neqoxec]
 84796 | D:$      | Escaped with the Orb!

Illustrated notes

Levels and vault maps discovered:
D:1:      sevenhm_arrival_forest_fort_small_4, layout_basic
D:2:      minmay_recursive_quarters, layout_basic,
          ebering_ecumenical_altar_ruins, grunt_ministairs_15
D:3:      layout_basic, nicolae_dithmenos_through_a_glass_darkly,
          skrybe_limestone_x, uniq_robin
D:4:      layout_basic, kennysheep_generic_room_6
D:5:      layout_basic, minmay_liquid_box
D:6:      layout_loops_corners, minmay_temple_entry_drinking_statues,
          dreamdust_princess_bridge, grunt_tough_drop, uniq_blork_the_orc
D:7:      due_chaos_kobolds, layout_loops_ring, hangedman_feature_mirror,
          uniq_crazy_yiuf_cottage
D:8:      layout_basic, mainiacjoe_overflow_catwalk_spiral, dpeg_lair_monsters,
          enter_bailey_6, serial_shops, shop, small_statue_alley_b,
          grunt_ministairs_7
D:9:      kennysheep_blocky_hall, layout_loops_ring,
          lemuel_zombie_altar_kikubaaqudgha, okawaru_humans
D:10:     layout_layer_cave
D:11:     layout_roguey, minmay_orc_entry_temple_small,
          portal_ice_cave_entry_pillars_2
D:12:     layout_roguey, gammafunk_ghost_cemetery, roderic_roman_lattice
D:13:     layout_loops_ring, grunt_potential
D:14:     layout_irregular_city, david_vaults_5
D:15:     grunt_enter_depths_snipers, layout_cross, minmay_splitting_lines,
          minmay_guarded_unrand_resistance
Temple:   nicolae_temple_bog_church
Lair:1:   layout_small_grid, basic_altar, serial_bayou_pond_a,
          serial_bayou_shore_a
Lair:2:   layout_misc_corridors, grunt_megastairs_5, uniq_sonja
Lair:3:   layout_chaotic_city, swamp_mist, nicolae_snake_entry_warm_welcome,
          chequers_serial_rivers_small_3, minivault_25
Lair:4:   layout_gridlike, nicolae_slime_entry_slimehenge,
          nicolae_volcano_entry_s_turn, minivault_26
Lair:5:   minmay_lair_end_frog_pond, layout_regular_city,
          gammafunk_ghost_berserking_beasts, uniq_kirke
Swamp:1:  layout_basic_swamp, evilmike_swamp_ruin_rubble_1
Swamp:2:  layout_basic_swamp, hangedman_swamp_ruin_wall,
          infiniplex_staircase_pool
Swamp:3:  layout_basic_swamp, evilmike_swamp_ruin_house_5, swamp_pool5
Swamp:4:  swamp_basic_johnstein, layout_basic_swamp, swamp_pool3,
          nicolae_swamp_fairy_circle, nzn_swamp_dancing_lights
Snake:1:  layout_basic, nicolae_snake_the_dead_are_slithering, uniq_frances
Snake:2:  layout_cave_pods
Snake:3:  layout_cave_town
Snake:4:  johnstein_snake_rune_scales, layout_misc_corridors, serial_shops,
          shop, shop, minmay_shop_star
Slime:1:  layout_caves, cheibrodos_slime_lost_civilization_4
Slime:2:  cheibrodos_slime_lost_civilization_10, layout_caves
Slime:3:  layout_caves, special_room [special_room_jelly], uniq_donald
Slime:4:  layout_caves
Slime:5:  slime_pit_nicolae_trefoil
Orc:1:    nicolae_orc_accident_1, layout_caves, serial_shops, shop_statue,
          shop_fountains, nicolae_shop_industrial_runoff, nicolae_diamond_shop
Orc:2:    grunt_orc_tribal_feast, layout_caves, nooodl_orcs_dogs,
          uniq_saint_roka
Elf:1:    eino_elf_arrival_shootout, layout_gridlike, serial_shops,
          nicolae_shop_getting_attention, minmay_elf_necromancy,
          minmay_misc_feat_rows
Elf:2:    elven_hall_of_blades_hangedman_alternative
          [nicolae_blade_entry_sentries_behind_glass], layout_geoelf_octagon
Elf:3:    minmay_elf_hall_dome, layout_geoelf_diagonals, serial_shops, shop,
          mu_enter_wizlab_2
Vaults:1: portal_desolation_entry_nicolae_slug,
          nicolae_vaults_trapezoid_layered, nicolae_vaults_shrinking_rooms_1,
          vaults_room_pool, nicolae_vaults_taking_the_gang_shopping,
          nicolae_vaults_alarming, nicolae_vaults_house_2, v_alt_pattern_4,
          layout_vaults_omnigrid, uniq_norris, uniq_zenata
Vaults:2: nicolae_vaults_tetromino_Z_2, v_rooms_1, vaults_standard_mumra_lines,
          ontoclasm_vaults_twist, nicolae_vaults_layer_cake_slice, st_lattice,
          vaults_room_boxed, vaults_room_door_ring, nicolae_vaults_network_s,
          grunt_vaults_diagonal, nicolae_vaults_heart-shaped_vault, v_misc_26,
          v_misc_23, vaults_dpeg_hooks, layout_vaults_maze_bifur
Vaults:3: vaults_room_grunt_arrival_ludios, nicolae_vaults_border_crossing,
          v_pattern_3, minmay_crypt_entry_simple_walls,
          nicolae_vaults_circle_grid_b, hangedman_vaults_cutoff, v_misc_32,
          nicolae_vaults_cornered_office, ontoclasm_vaults_ring_small,
          ontoclasm_vaults_bender, nicolae_vaults_specimen_jars,
          nicolae_vaults_tangram_1, layout_vaults_ring
Vaults:4: nicolae_vaults_windows_and_doors_thing, nicolae_vaults_trapezoid_1,
          ontoclasm_vaults_ring_small, v_rooms_5, nicolae_vaults_little_ls,
          nicolae_vaults_angled_halls, ontoclasm_vaults_idyll,
          vaults_room_stairs_pillars, nicolae_vaults_trapezoid_2,
          nicolae_vaults_rhombus_5, nicolae_vaults_storage_room_statues,
          layout_vaults_chaotic_city, serial_shops, nicolae_shop_crystal,
          uniq_sojobo, uniq_aizul
Vaults:5
Crypt:1:  layout_misc_corridors, skrybe_necro_troll_2
Crypt:2:  layout_gridlike, grunt_ministairs_9, minmay_large_rounded_square,
          lemuel_upstairs_altar, grunt_megastairs_4
Crypt:3:  david_glass_crypt, layout_chaotic_city, wad_floor_pattern_untrapped
Tomb:1
Tomb:2
Tomb:3
Depths:1: layout_gridville, enter_ziggurat_d, hellmouth_2,
          chequers_serial_rivers_room_a, grunt_ministairs_8
Depths:2: dreamdust_isle_of_ice, layout_cave_shapes, dk_noncrumbling_3,
          rand_demon_pan_entry_8, pf_hell_entry_tar_spiral,
          kennysheep_another_room, dreamdust_wasp_nest, uniq_enchantress,
          uniq_bai_suzhen
Depths:3: hangedman_arch_fort, layout_long_grid, old_standard_altar, hell_entry,
          grunt_pan_entry_sceptre, serial_bayou, serial_bayou_pond_d,
          serial_bayou_pond_b, serial_bayou_pond_e, serial_bayou_lagoon_a,
          abyss_entry, tgw_xom, infiniplex_staircase_zigzag_1, uniq_margery
Depths:4: grunt_zot_entry_alcove, layout_basic, hell_entry, abyss_entry,
          uniq_grunn, uniq_parghit
Hell
Dis:1:    layout_subdivisions
Dis:2:    layout_subdivisions, nicolae_hells_seeping_fissure
Dis:3:    layout_regular_city
Dis:4:    layout_regular_city
Dis:5:    layout_gridville
Dis:6:    layout_regular_city
Dis:7:    dis_grunt_layers
Geh:1:    layout_gehenna_lava_caves, lemuel_flamethrower_2
Geh:2:    layout_gehenna_pools_basic
Geh:3:    layout_gehenna_pools_box, nicolae_geh_gnashing_of_teeth
Geh:4:    layout_gehenna_lava_caves
Geh:5:    layout_gehenna_pools_box
Geh:6:    layout_gehenna_pools_box
Geh:7:    evilmike_geh
Coc:1:    nicolae_coc_naught_crossing, layout_ice_bergs
Coc:2:    layout_cocytus_delve
Coc:3:    layout_ice_bergs
Coc:4:    layout_cocytus_water_paths
Coc:5:    layout_ice_bergs
Coc:6:    layout_cocytus_water_paths
Coc:7:    coc_mu
Tar:1:    layout_honeycomb
Tar:2:    layout_cathedral_of_symmetry
Tar:3:    layout_grid_maze
Tar:4:    layout_grid_maze, nicolae_tar_cuneiform_three
Tar:5:    layout_catacombs, nicolae_hells_seeping_fissure
Tar:6:    layout_grid_maze
Tar:7:    tar_minmay_river
Zot:1:    gammafunk_sealed_arena, layout_basic
Zot:2:    layout_misc_corridors
Zot:3:    layout_onion, st_small_dragon_hoard_5, skrybe_zot_glass_3
Zot:4:    layout_cellular_growth, grunt_megastairs_3
Zot:5:    layout_gridlike

Skill      XL: |  1  2  3  4  5  6  7  8  9 10 11 12 13 14 15 16 17 18 19 20 21 22 23 24 25 26 27 |
---------------+----------------------------------------------------------------------------------+-----
Stealth        | 5 6 7 9 10 11 12 13 15 27 | 27.0
Short Blades   | 2 3 4 5 7 9 10 11 13 14 | 14.0
Fighting       | 2 3 4 5 6 7 8 9 10 12 13 14 15 16 17 18 19 20 21 22 23 24 27 | 27.0
Evocations     | 3 4 6 8 9 10 11 12 13 14 15 | 15.0
Spellcasting   | 2 5 7 8 10 11 12 13 14 23 | 23.9
Dodging        | 1 4 5 6 8 9 10 11 12 20 | 20.7
Armour         | 1 4 6 7 8 9 10 11 12 13 14 15 22 | 22.3
Shields        | 4 7 9 10 11 12 13 14 15 16 17 27 | 27.0
Throwing       | |  1.7

Action                     |  1- 3 |  4- 6 |  7- 9 | 10-12 | 13-15 | 16-18 | 19-21 | 22-24 | 25-27 || total
---------------------------+-------+-------+-------+-------+-------+-------+-------+-------+-------++-------
  Melee: Dagger            |    68 |   194 |   474 |    12 |       |       |       |       |       ||   748
         Bite              |    15 |    53 |   174 |   140 |   426 |   586 |   684 |  1067 |  6105 ||  9250
         Punch             |       |     2 |     5 |     6 |     8 |       |       |       |       ||    21
         Rapier            |       |       |       |   419 |  1037 |  1290 |  1381 |   547 |       ||  4674
         Quick blade       |       |       |       |       |       |       |       |  1202 |  8893 || 10095
         Headbutt          |       |       |       |       |       |       |       |       |   131 ||   131
  Throw: Dart              |     7 |     9 |    50 |    33 |     2 |       |       |     1 |     4 ||   106
         Throwing net      |       |       |     1 |       |       |       |       |     1 |     2 ||     4
 Invoke: Call Merchant     |       |       |       |     2 |     1 |     1 |     1 |     2 |     5 ||    12
         Potion Petition   |       |       |       |       |     1 |       |     4 |     1 |     6 ||    12
         Bribe Branch      |       |       |       |       |       |       |       |       |     1 ||     1
  Evoke: Wand              |       |       |       |    13 |    10 |    13 |       |     4 |    55 ||    95
         Condenser vane    |       |       |       |     2 |     2 |     4 |     2 |     3 |     4 ||    17
         Box of beasts     |       |       |       |       |     2 |     2 |     2 |     1 |     4 ||    11
         Lightning rod     |       |       |       |       |     2 |       |       |       |     2 ||     4
         Phantom mirror    |       |       |       |       |       |       |     1 |     2 |     4 ||     7
         Horn of Geryon    |       |       |       |       |       |       |       |       |     1 ||     1
         Phial of floods   |       |       |       |       |       |       |       |       |     1 ||     1
    Use: Scroll            |     4 |     1 |     5 |    12 |    12 |     4 |     5 |    12 |    40 ||    95
         Potion            |       |       |     3 |     1 |    12 |     8 |     3 |     3 |    34 ||    64
   Stab: Sleeping          |     7 |    21 |     4 |    28 |    22 |     8 |    29 |    14 |   115 ||   248
         Distracted        |       |       |       |     5 |    16 |    21 |    15 |    19 |   143 ||   219
         Paralysed         |       |       |       |     2 |     1 |     9 |       |       |       ||    12
         Invisible         |       |       |       |       |    15 |       |     2 |     2 |    46 ||    65
         Held in net/web   |       |       |       |       |       |       |       |     2 |     4 ||     6
         Petrified         |       |       |       |       |       |       |       |       |     1 ||     1
 Armour: Robe              |    27 |    71 |   171 |    34 |       |       |       |       |       ||   303
         Leather armour    |       |       |       |   109 |   143 |       |       |       |       ||   252
         Plate armour      |       |       |       |       |   185 |   529 |   649 |   590 |    31 ||  1984
         Storm dragon scal |       |       |       |       |       |       |       |       |  1775 ||  1775
         Skin              |       |       |       |       |       |       |       |       |     9 ||     9
  Dodge: Dodged            |    29 |   133 |   311 |   262 |   452 |   333 |   301 |   303 |  1280 ||  3404
  Block: Other             |       |       |       |     3 |    23 |       |       |       |       ||    26
         Kite shield       |       |       |       |       |   107 |   971 |   680 |   559 |  2466 ||  4783
         Reflection        |       |       |       |       |       |    77 |     3 |       |       ||    80

Table legend: (Time is in decaauts)
 A = Elapsed time spent in this place.
 B = Non-inter-level travel time spent in this place.
 C = Inter-level travel time spent in this place.
 D = Time resting spent in this place.
 E = Time spent auto-exploring this place.
 F = Levels seen in this place.
 G = Mean time per level.
                   A        B        C        D        E       F      G
               +--------+--------+--------+--------+--------+-----+--------+
         Total |  80136 |  69690 |  10446 |   2712 |  45120 | 111 |  721.9 |
       Dungeon |  16980 |  13547 |   3433 |    247 |  10292 |  15 | 1132.0 |
        Temple |     46 |      3 |     43 |      0 |      0 |   1 |   46.0 |
          Lair |   5571 |   4724 |    847 |     25 |   3380 |   5 | 1114.2 |
         Swamp |   2822 |   2666 |    156 |     43 |   1841 |   4 |  705.5 |
     Snake Pit |   4045 |   3844 |    201 |    164 |   2786 |   4 | 1011.2 |
    Slime Pits |   1600 |   1544 |     56 |    100 |    885 |   5 |  320.0 |
  Orcish Mines |   1712 |   1285 |    427 |      0 |    971 |   2 |  856.0 |
   Elven Halls |   4577 |   4272 |    305 |    621 |   2838 |   3 | 1525.7 |
        Vaults |   9425 |   8382 |   1043 |      3 |   6415 |   5 | 1885.0 |
         Crypt |   2676 |   2238 |    438 |      0 |   1804 |   3 |  892.0 |
          Tomb |   3454 |   3174 |    280 |    283 |   1673 |   3 | 1151.3 |
        Depths |   5461 |   3957 |   1504 |     73 |   2572 |   4 | 1365.2 |
          Hell |   1049 |    630 |    419 |     38 |    433 |   1 | 1049.0 |
           Dis |   2529 |   2451 |     78 |     49 |   1308 |   7 |  361.3 |
       Gehenna |   1181 |   1068 |    113 |      2 |    224 |   7 |  168.7 |
       Cocytus |   2036 |   1918 |    118 |     69 |   1127 |   7 |  290.9 |
      Tartarus |   3002 |   2681 |    321 |    575 |   1027 |   7 |  428.9 |
           Zot |   4528 |   3870 |    658 |    144 |   2706 |   5 |  905.6 |
         Abyss |   1821 |   1821 |      0 |     55 |    329 |   4 |  455.2 |
   Pandemonium |   3399 |   3399 |      0 |    207 |   1204 |  14 |  242.8 |
        Bailey |    397 |    397 |      0 |      0 |    223 |   1 |  397.0 |
      Ice Cave |    206 |    206 |      0 |      0 |     97 |   1 |  206.0 |
       Volcano |    318 |    318 |      0 |      9 |    109 |   1 |  318.0 |
        Wizlab |    421 |    421 |      0 |      0 |    225 |   1 |  421.0 |
    Desolation |    871 |    871 |      0 |      0 |    648 |   1 |  871.0 |
               +--------+--------+--------+--------+--------+-----+--------+

Top non-repeatable levels by time:
Vaults:5: 3805 daAuts
   Elf:3: 2309 daAuts
   Tar:7: 1960 daAuts
     D:6: 1916 daAuts
  Tomb:1: 1845 daAuts
     D:7: 1703 daAuts
   Dis:7: 1674 daAuts
Vaults:2: 1559 daAuts
Vaults:3: 1558 daAuts
Depths:3: 1547 daAuts
Depths:2: 1465 daAuts
Vaults:4: 1323 daAuts
   Coc:7: 1310 daAuts
  Lair:3: 1301 daAuts
    D:14: 1301 daAuts
